AoeStats
← descof

Scandinavia

510367110Analyzed
1v1 RM · 18h ago on Sep 30, 2026· 35m 36s· 2 players
Game mode
Random Map
Map size
Tiny (2 player)
Population
200
Speed
Normal
Resources
Standard
Victory
Conquest
Starting age
Dark Age
Ending age
Imperial Age
RankedLock teamsTeams togetherTeam positionsShared explorationLock speedFull tech treeHidden civsTurbo modeCheats
Victory
Defeat
🇫🇷 Japanese · France
1269
+16
🇫🇮 Shu · Finland
1277
-16
descof
7:07 Loom
10:01 Feudal Age
11:44 Double-Bit Axe
15:17 Castle Age
14:01 Horse Collar
17:42 Bow Saw
18:29 Wheelbarrow
18:42 Gold Mining
22:46 Fishing Lines
23:05 Town Watch
23:34 Stone Mining
23:34 Elite Skirmisher
24:08 Fletching
24:18 Padded Archer Armor
25:01 Heavy Plow
25:59 Ballistics
26:03 Bodkin Arrow
26:24 Leather Archer Armor
27:20 Hand Cart
27:28 Treadmill Crane
31:56 Imperial Age
29:57 Pikeman
30:42 Yasama
31:42 Thumb Ring
31:44 Guard Tower
31:51 Murder Holes
32:13 Gambesons
32:29 Squires
31:54 Crossbowman
32:59 Conscription
33:58 Chemistry
32:46 Arrowslits
32:23 Capped Ram
36:02 Keep
35:22 Arbalester
Hannu
4:51 Loom
11:10 Feudal Age
13:34 Town Watch
16:54 Castle Age
15:58 Double-Bit Axe
15:54 Horse Collar
17:08 Stone Mining
17:10 Gold Mining
17:58 Wheelbarrow
19:27 Crossbowman
21:07 Fletching
21:17 Padded Archer Armor
22:41 Thumb Ring
23:21 Bodkin Arrow
28:12 Hand Cart
29:48 Scale Mail Armor
29:59 Forging
31:20 Ballistics
31:52 Chain Mail Armor
34:50 Imperial Age
35:35 Leather Archer Armor
Connection lost

Rejoining the realm…

Still unreachable

The connection could not be restored.

Session expired

The server has moved on; the page needs a fresh start.